 Dungeon Crawl Stone Soup version 0.21.1-1-g345015f (webtiles) character file.

100 suicidejoker the Shooter (level 4, -4/30 HPs)
             Began as an Octopode Hunter on Apr 21, 2018.
             Killed by divine providence
             ... invoked by an orc priest
              (13 damage)
             ... on level 3 of the Dungeon.
             The game lasted 00:02:04 (1455 turns).

suicidejoker the Shooter (Octopode Hunter)          Turns: 1455, Time: 00:02:06

Health: -4/30      AC:  1    Str: 12    XL:     4   Next: 74%
Magic:  4/4        EV: 14    Int: 13    God:
Gold:   103        SH:  0    Dex: 12    Spells: 3/3 levels left

rFire    + . .     SeeInvis .   b - +0 short sword
rCold    + + .     Gourm    .   (no shield)
rNeg     + . .     Faith    .   (helmet restricted)
rPois    +         Spirit   .   (no amulet)
rElec    +         Reflect  .   e - ring of positive energy
rCorr    +         Harm     .   n - ring of protection from cold
MR       .....                  (no ring)
Stlth    +++.......             (no ring)
HPRegen  0.10/turn              (no ring)
MPRegen  0.09/turn              (no ring)
                                (no ring)
                                (no ring)

@: resistant
A: almost no armour, stealthy swim, amphibious, 8 rings, constrict 8, camouflage
1, gelatinous body 1
a: no special abilities


You were on level 3 of the Dungeon.
You were not hungry.

You visited 1 branch of the dungeon, and saw 3 of its levels.

You collected 103 gold pieces.

Inventory:

Hand Weapons
 a - a +1 shortbow
 b - a +0 short sword (weapon)
 p - a +0 fustibalus
Missiles
 c - 11 arrows
 j - 6 poisoned needles
 m - 64 stones (quivered)
Jewellery
 e - a ring of positive energy (left tentacle)
 n - a ring of protection from cold (right tentacle)
 o - an uncursed ring of resist corrosion {unknown}
Scrolls
 f - 3 scrolls of amnesia {unknown}
 h - 2 scrolls of identify {unknown}
 i - a scroll of enchant armour {unknown}
 l - a scroll of enchant weapon {unknown}
 q - a scroll of teleportation {unknown}
Potions
 k - a potion of curing {unknown}
Comestibles
 d - 5 rations


   Skills:
 + Level 2.7 Fighting
 * Level 4.8 Bows
 + Level 2.7 Dodging
 + Level 3.0 Stealth


You had 3 spell levels left.
You didn't know any spells.

Dungeon Overview and Level Annotations

Branches:
Dungeon (3/15)

Altars:


Innate Abilities, Weirdness & Mutations

You cannot wear most types of armour.
You are very stealthy in the water. (Stealth+)
You are amphibious.
You can wear up to eight rings at the same time.
You can use your tentacles to constrict eight enemies at once.
Your skin changes colour to match your surroundings (Stealth+).
Your rubbery body absorbs attacks. (AC +1, EV +1)


Message History

You hit the orc priest but do no damage.
Your grab misses the orc priest.
You squeeze the orc priest, but do no damage.
The orc priest closely misses you.
An orc priest comes into view. It is wielding a falchion.
You hit the orc priest but do no damage.
You grab the orc priest. You squeeze the orc priest.
The orc priest is moderately wounded.
You constrict the orc priest.
The orc priest hits you with a falchion!
The orc priest hits you with a hand axe!
The orc hits you with a club.
It was a potion of resistance.
You feel protected.
You constrict the orc priest.
The orc priest hits you with a falchion.
* * * LOW HITPOINT WARNING * * *
The orc priest invokes the aid of Beogh against you.
Beogh smites you!
You die...

#
#.###########
#...o........
#>..ooo...#
#@# ###


You could see 2 orc priests and 2 orcs.

Vanquished Creatures
  A bullfrog skeleton (D:2)
  3 gnolls (D:2)
  An adder (D:2)
  2 worms (D:2)
  5 ball pythons
  4 bats
  2 giant cockroaches (D:1)
  5 goblins
  2 hobgoblins (D:1)
  7 frilled lizards
  A kobold (D:1)
  3 rats
36 creatures vanquished.

Notes
Turn   | Place    | Note
-------+----------+-------------------------------------------
     0 | D:1      | suicidejoker the Octopode Hunter began the quest for the Orb.
     0 | D:1      | Reached XP level 1. HP: 14/14 MP: 1/1
    69 | D:1      | Reached XP level 2. HP: 14/19 MP: 2/2
   702 | D:2      | Reached XP level 3. HP: 25/25 MP: 3/3
   772 | D:2      | Reached XP level 4. HP: 30/30 MP: 4/4
  1455 | D:3      | Killed from afar by an orc priest

Skill      XL: |  1  2  3  4 |
---------------+-------------+-----
Stealth        | 2 3 |  3.0
Fighting       | |  2.7
Bows           | |  4.8
Dodging        | |  2.7

Action                   |  1- 3 |  4- 6 || total
-------------------------+-------+-------++-------
Melee: Short sword       |       |     7 ||     7
       Tentacles         |       |     5 ||     5
       Constrict         |       |     3 ||     3
 Fire: Shortbow          |    45 |    27 ||    72
Throw: Stone             |       |     5 ||     5
  Use: Potion            |       |     1 ||     1
  Eat: Chunk             |       |     1 ||     1
Armor: Skin              |     1 |     2 ||     3
Dodge: Dodged            |     7 |    11 ||    18
